 Dungeon Crawl Stone Soup version 0.27.1-34-g3ba077fa99 (webtiles) character file.

Game seed: 1736864687573082327

11052 cbfl8 the Protected (level 11, -14/95 HPs)
             Began as a Minotaur Fighter on Jan 13, 2022.
             Was an Elder of Hepliaklqana.
             Splashed by an oklob plant's acid (18 damage)
             ... on level 1 of the Lair of Beasts.
             The game lasted 00:47:52 (14115 turns).

cbfl8 the Protected (Minotaur Fighter)             Turns: 14115, Time: 00:47:53

Health: -14/95     AC:  8    Str: 30    XL:     11   Next: 44%
Magic:  10/10      EV:  7    Int:  8    God:    Hepliaklqana [****..]
Gold:   615        SH: 20    Dex: 10    Spells: 6/10 levels left

rFire    + . .     SeeInvis .   d - +5 hand axe of Ruination {flame, +Rage rPois rF+ Str+9, Jo mama}
rCold    + . .     Faith    .   W - +1 tower shield "Loed Mie" {Harm}
rNeg     . . .     Spirit   .   F - +0 chain mail
rPois    +         Reflect  .   e - +1 hat
rElec    .         Harm     +   (no cloak)
rCorr    .         Rampage  .   (no gloves)
Will     .....                  H - +0 pair of boots
Stlth    ..........             (no amulet)
HPRegen  0.25/turn              v - ring of wizardry
MPRegen  0.12/turn              M - ring of protection from cold

@: corroded
A: reduced essence, horns 2, retaliatory headbutt, talons 1, iridescent scales
1, deterioration 1, robust 1
a: Renounce Religion, Evoke Berserk Rage, Recall Ancestor, Ancestor Identity,
Transference, Idealise


You were on level 1 of the Lair of Beasts.
You worshipped Hepliaklqana.
Hepliaklqana was greatly pleased with you.
You visited 3 branches of the dungeon, and saw 11 of its levels.
You also visited: Ossuary.

You collected 615 gold pieces.

Inventory:

Hand Weapons
 b - a +4 scimitar of freezing
 d - the +5 hand axe of Ruination (weapon) {flame, +Rage rPois rF+ Str+9, Jo mama}
   (You found it on level 4 of the Dungeon)

   It burns those it strikes, dealing additional fire damage.
   Big, fiery blades are also staple armaments of hydra-hunters.
   Str:       It affects your strength (+9).
   rF:        It protects you from fire.
   rPois:     It protects you from poison.
   +Rage:     It lets you go berserk.
 o - a +5 morningstar
 p - a +5 war axe
 r - a +5 flail
Missiles
 h - 6 boomerangs
 q - 160 arrows
 K - 39 bolts
 U - 21 poisoned darts
Armour
 e - a +1 hat (worn)
 f - a +0 ring mail
 g - a +0 chain mail of fire resistance
 F - a +0 chain mail (worn)
 H - a +0 pair of boots (worn)
 W - the +1 tower shield "Loed Mie" (worn) {Harm}
   (You found it on level 6 of the Dungeon)

   Harm:      It increases damage dealt and taken.
Magical Staves
 J - a staff of fire
Jewellery
 v - a ring of wizardry (left hand)
 y - a ring of wizardry
 M - a ring of protection from cold (right hand)
Wands
 c - a wand of iceblast (15)
 n - a wand of charming (10)
 w - a wand of paralysis (9)
 x - a wand of acid (8)
 A - a wand of digging (1) (quivered)
 V - a wand of flame (9)
 Y - a wand of polymorph (3)
Scrolls
 a - a scroll of fog {unknown}
 i - 2 scrolls of magic mapping {unknown}
 j - a scroll of identify {unknown}
 l - a scroll of teleportation {unknown}
 u - 3 scrolls of enchant armour {unknown}
 B - 2 scrolls of brand weapon {unknown}
 E - 2 scrolls of summoning {unknown}
 N - a scroll of silence {unknown}
 O - 2 scrolls of amnesia {unknown}
 P - a scroll of enchant weapon {unknown}
 R - a scroll of torment {unknown}
 S - a scroll of blinking {unknown}
 T - 2 scrolls of noise {unknown}
Potions
 k - 3 potions of invisibility {unknown}
 m - 5 potions of curing {unknown}
 t - a potion of berserk rage {unknown}
 z - 3 potions of mutation
 C - 2 potions of cancellation {unknown}
 D - 2 potions of brilliance
 I - a potion of ambrosia
 L - 2 potions of degeneration {unknown}
 Q - 2 potions of flight {unknown}
 X - a potion of lignification {unknown}
 Z - a potion of heal wounds {unknown}


   Skills:
 + Level 8.5 Fighting
 + Level 11.4 Axes
 + Level 11.7 Armour
 + Level 3.5 Dodging
 + Level 4.2 Stealth
 + Level 10.9 Shields
 + Level 1.3 Invocations


You had 6 spell levels left.
You knew the following spells:

 Your Spells              Type           Power      Damage    Failure   Level
a - Freeze                Ice            0%         1d3       98%         1
b - Summon Guardian Gole  Hex/Summ       0%         N/A       100%        3

Your spell library contained the following spells:

 Spells                   Type           Power      Damage    Failure   Level
 Foxfire                  Conj/Fire      0%         2x1d4     98%         1
 Magic Dart               Conj           0%         1d3       98%         1
 Summon Small Mammal      Summ           0%         N/A       98%         1
 Blink                    Tloc           N/A        N/A       99%         2
 Searing Ray              Conj           0%         3d3       99%         2
 Slow                     Hex            0%         N/A       99%         2
 Call Canine Familiar     Summ           0%         N/A       100%        3
 Confusing Touch          Hex            0%         N/A       100%        3
 Conjure Flame            Conj/Fire      0%         6-21      100%        3
 Frozen Ramparts          Ice            0%         1d2       100%        3
 Ignite Poison            Fire/Tmut/Pois 0%         N/A       100%        3
 Inner Flame              Hex/Fire       0%         N/A       100%        3
 Lesser Beckoning         Tloc           0%         N/A       100%        3
 Mephitic Cloud           Conj/Pois/Air  0%         N/A       100%        3
 Vampiric Draining        Necr           0%         2d6       100%        3
 Fulminant Prism          Conj/Hex       0%         3d6       100%        4
 Hailstorm                Conj/Ice       0%         3d3       100%        4
 Bolt of Magma            Conj/Fire/Erth 0%         4d4       100%        5
 Manifold Assault         Tloc           0%         N/A       100%        5


Dungeon Overview and Level Annotations

Branches:
Dungeon (9/15)             Temple (1/1) D:7            Lair (1/6) D:9
    Orc (0/2) D:9         Ossuary (visited)

Altars:
Ashenzari
Cheibriados
Dithmenos
Elyvilon
Fedhas
Gozag
Hepliaklqana
Kikubaaqudgha
Makhleb
Nemelex Xobeh
Okawaru
Qazlal
Ru
Sif Muna
Trog
Uskayaw
Vehumet
Wu Jian
Xom
Yredelemnul
Zin
The Shining One

Annotations:
Lair:1 exclusion: 2 oklob plants


Innate Abilities, Weirdness & Mutations

Your life essence is reduced to manifest your ancestor. (-10% HP)
You have a pair of horns on your head.
You reflexively headbutt those who attack you in melee.
You have sharp toenails.
You are partially covered in iridescent scales. (AC +2)
Your body sometimes deteriorates upon taking damage.
You are robust. (+10% HP)


Message History

Found three items.
You have identified the last wand.
The oklob plant spits acid at you. You block the splash of acid.
Marking area around an oklob plant as unsafe for travelling.
The oklob plant spits acid at you. The splash of acid hits you!
You are splashed with acid!
The oklob plant spits acid at you. You block the splash of acid.
The oklob plant spits acid at you. The splash of acid hits you!
The acid corrodes you!
You are splashed with acid!
You see here a wand of mindburst (13).
The oklob plant spits acid at you.
The splash of acid hits Keet!
Keet is splashed with acid!
You hit the oklob plant but do no damage.
You headbutt the oklob plant.
The oklob plant is lightly damaged.
Keet hits the oklob plant with a +0 quarterstaff!
The oklob plant spits acid at you. The splash of acid hits you!
You are splashed with acid!
* * * LOW HITPOINT WARNING * * *
The oklob plant spits acid at you.
The splash of acid hits Keet.
Keet is splashed with acid.
The acid corrodes Keet!
You hit the oklob plant but do no damage.
The oklob plant is lightly damaged.
Keet casts a spell at the oklob plant.
The stone arrow hits the oklob plant.
You hit the oklob plant but do no damage.
You headbutt the oklob plant.
The oklob plant is lightly damaged.
Keet hits the oklob plant with a +0 quarterstaff!
You hit the oklob plant. You burn the oklob plant.
You headbutt the oklob plant.
The oklob plant is heavily damaged.
Keet hits the oklob plant with a +0 quarterstaff!
The oklob plant spits acid at you. The splash of acid hits you!
* * * LOW HITPOINT WARNING * * *
The acid corrodes you!
You are splashed with acid!
You die...

............#
.#..######..##
##.## #P..# #.#
##.## #.# ####
#.###
#.###..###.#.#####
#.......##....P."#
##.###..##.....R!#
### #..#......@P#
## ##..#.#.#####
.#######.##.###
............#
.###.##.....# .#
####.#..## .#
###..#.##
.####.#.##..#
.........#.##


You could see the friendly Keet the battlemage (corroded) and 2 oklob plants.

Vanquished Creatures
  A black mamba (Lair:1)
  2 komodo dragons
  3 yaks (Lair:1)
  2 wyverns (D:9)
  A wraith (Ossuary)
  A basilisk (D:9)
  A steam dragon (D:9)
  3 water moccasins
  An ice beast (D:6)
  A black bear (D:6)
  3 wolves (Lair:1)
  A centaur (D:8)
  An elf zombie (Ossuary)
  2 kobold brigands
  4 bullfrogs
  A killer bee (D:7)
  11 wights
  4 howler monkeys
  A bullfrog zombie (D:4)
  2 centaur zombies
  2 hounds
  An iron imp (D:5)
  A jelly (D:4)
  A centaur skeleton (D:5)
  5 iguanas
  An orc wizard (D:4)
  3 mummies (Ossuary)
  A howler monkey zombie (D:5)
  Robin (D:3)
  3 gnolls (D:4)
  7 adders
  2 howler monkey skeletons
  An ufetubus (D:4)
  3 adder skeletons
  4 worms
  2 dart slugs
  15 orcs
  9 ball pythons
  9 endoplasms
  6 giant cockroaches
  15 goblins
  8 hobgoblins
  3 jackals (D:3)
  5 quokkas
  4 bats (D:1)
  4 frilled lizards (D:1)
  2 goblin zombies (Ossuary)
  3 hobgoblin zombies (Ossuary)
  10 kobolds
  2 kobold zombies (Ossuary)
  4 rats
  A toadstool (D:7)
184 creatures vanquished.

Vanquished Creatures (collateral kills)
  Gastronok (D:8)
  Fannar (Lair:1)
  A hydra (D:7)
  A two-headed ogre (D:9)
  3 komodo dragons (Lair:1)
  A yak (Lair:1)
  3 basilisks
  A steam dragon (D:8)
  5 water moccasins
  A necrophage (D:7)
  An ice beast (D:7)
  A sky beast (D:5)
  A wolf (Lair:1)
  An ogre (D:5)
  2 bullfrogs (Lair:1)
  2 killer bees (D:7)
  2 wights
  An iguana (D:5)
  An orc wizard (D:3)
  A gnoll (D:5)
  2 shadow imps (D:8)
  2 white imps (D:7)
  A worm (D:5)
  3 orcs (D:8)
  3 kobolds
  A hobgoblin zombie (Ossuary)
43 creatures vanquished.

Vanquished Creatures (others)
  An ogre (D:4)
  A hound (D:4)
  A giant cockroach (D:4)
  A kobold (D:4)
  A bush (Lair:1)
  17 fungi
  14 plants
  5 toadstools (D:7)
41 creatures vanquished.

Grand Total: 268 creatures vanquished

Notes
Turn   | Place    | Note
-------+----------+-------------------------------------------
     0 | D:1      | cbfl8 the Minotaur Fighter began the quest for the Orb.
     0 | D:1      | Reached XP level 1. HP: 19/19 MP: 0/0
   158 | D:1      | Reached XP level 2. HP: 24/27 MP: 1/1
   809 | D:2      | Reached XP level 3. HP: 33/33 MP: 2/2
   811 | D:2      | Learned a level 1 spell: Freeze
  1390 | D:2      | You fall into a shaft and drop 2 floors!
  1395 | D:4      | Found a shimmering altar of Xom.
  1395 | D:4      | Noticed an ogre
  1396 | D:4      | Killed an ogre
  1408 | D:4      | Reached XP level 4. HP: 19/41 MP: 3/3
  1437 | D:4      | Identified the +5 hand axe of Ruination {flame, +Rage rPois
                  | rF+ Str+9}
  1653 | D:4      | Found a glowing silver altar of Zin.
  1907 | D:4      | Found a hazy altar of Hepliaklqana.
  1942 | D:4      | Became a worshipper of Hepliaklqana the Forgotten
  2152 | D:4      | Reached XP level 5. HP: 47/47 MP: 4/4
  2435 | D:4      | Reached skill level 5 in Shields
  2489 | D:4      | Learned a level 3 spell: Summon Guardian Golem
  2507 | D:4      | Reached XP level 6. HP: 52/53 MP: 5/5
  2610 | D:4      | Reached skill level 5 in Axes
  2610 | D:4      | Reached skill level 1 in Dodging
  2672 | D:4      | Found an opulent altar of Gozag.
  3073 | D:4      | Reached skill level 5 in Armour
  3326 | D:3      | Noticed Robin
  3346 | D:3      | Killed Robin
  3572 | D:3      | Reached * piety under Hepliaklqana
  4690 | D:5      | Entered Level 5 of the Dungeon
  4690 | D:5      | Found a sparkling altar of Nemelex Xobeh.
  4691 | D:5      | Found a broken altar of Ashenzari.
  4744 | D:5      | Reached XP level 7. HP: 54/54 MP: 6/6
  4957 | D:5      | Found a sand-covered staircase.
  4963 | Ossuary  | Entered an ossuary
  4963 | Ossuary  | Noticed a wraith
  4963 | Ossuary  | Noticed a wraith
  4963 | Ossuary  | Noticed a wraith
  5013 | Ossuary  | Reached skill level 5 in Fighting
  5057 | Ossuary  | Noticed a wraith
  5061 | Ossuary  | Killed a wraith
  5062 | Ossuary  | Reached skill level 1 in Stealth
  6160 | Ossuary  | Reached ** piety under Hepliaklqana
  6161 | Ossuary  | Remembered your ancestor Keet as a battlemage
  6398 | D:5      | Reached XP level 8. HP: 62/62 MP: 7/7
  6493 | D:5      | Found a snail-covered altar of Cheibriados.
  7103 | D:6      | Identified the +1 tower shield "Loed Mie" {Harm}
  7557 | D:6      | Reached *** piety under Hepliaklqana
  7615 | D:6      | Found a burning altar of Makhleb.
  7640 | D:6      | Found a white marble altar of Elyvilon.
  8344 | D:7      | Found a hide-covered altar of Uskayaw.
  8384 | D:7      | Found a staircase to the Ecumenical Temple.
  8468 | D:7      | Reached XP level 9. HP: 61/67 MP: 8/8
  8941 | D:7      | Found a sacrificial altar of Ru.
  9007 | D:7      | Found a white marble altar of Elyvilon.
  9007 | D:7      | Noticed a six-headed hydra
  9013 | D:7      | Killed a three-headed hydra
  9352 | D:7      | Found an iron altar of Okawaru.
  9354 | D:7      | Reached **** piety under Hepliaklqana
  9643 | Temple   | Entered the Ecumenical Temple
 10247 | D:8      | Reached skill level 10 in Armour
 10564 | D:8      | Noticed Gastronok
 10574 | D:8      | Killed Gastronok
 10575 | D:8      | Reached skill level 10 in Axes
 10575 | D:8      | Reached XP level 10. HP: 77/77 MP: 9/9
 10847 | D:8      | Found a bloodstained altar of Trog.
 10847 | D:8      | Found a basalt altar of Yredelemnul.
 11285 | D:9      | Found a staircase to the Orcish Mines.
 12032 | D:9      | Found a staircase to the Lair.
 12036 | D:9      | Noticed a two-headed ogre
 12039 | D:9      | Killed a two-headed ogre
 12040 | D:9      | Reached skill level 1 in Invocations
 12298 | Lair:1   | Entered Level 1 of the Lair of Beasts
 12308 | Lair:1   | Noticed a black mamba
 12312 | Lair:1   | Reached skill level 10 in Shields
 12316 | Lair:1   | Killed a black mamba
 12821 | Lair:1   | Reached XP level 11. HP: 69/84 MP: 10/10
 12958 | Lair:1   | Noticed Fannar
 12970 | Lair:1   | Killed Fannar
 13275 | Lair:1   | Gained mutation: You are partially covered in iridescent
                  | scales. (AC +2) [potion of mutation]
 13275 | Lair:1   | Gained mutation: Your body sometimes deteriorates upon
                  | taking damage. [potion of mutation]
 13275 | Lair:1   | Gained mutation: You have sharp toenails. [potion of
                  | mutation]
 13275 | Lair:1   | Gained mutation: You are robust. (+10% HP) [potion of
                  | mutation]
 13733 | Lair:1   | Noticed an oklob plant
 14103 | Lair:1   | Noticed an oklob plant
 14115 | Lair:1   | HP: 4/95 [oklob plant/splash of acid (20)]
 14115 | Lair:1   | Splashed by an oklob plant's acid

Illustrated notes

Levels and vault maps discovered:
D:1:      dpeg_arrival_refuge, layout_loops_ring
D:2:      layout_loops_cross
D:3:      layout_loops_corners, uniq_robin
D:4:      wad_river_or_something, layout_cave_pools,
          pdpol_temple_overflow_zin_treasury_gozag_greed, xom_confusion_cloud,
          nicolae_hepliaklqana_hazy_memory
D:5:      layout_rooms, mainiacjoe_overflow_chevrons, slow_altar_1,
          mainiacjoe_overflow_boulevard, enter_ossuary_5, st_stairs_6
D:6:      layout_layer_cave, mainiacjoe_overflow_large_starburst,
          minmay_misc_feat_tiny, grunt_decor_cap
D:7:      layout_cave_pools, nicolae_uskayaw_dance_studio,
          okawaru_ov_weapons_minmay, minmay_temple_entry_stoned_glass,
          chequers_serial_rivers_micro_b, minmay_gold_behind_fungi,
          hangedman_feature_mirror, dk_vineyard_1, minmay_tree_intersection
D:8:      layout_loops_ring, gammafunk_temple_overflow_elements, uniq_gastronok
D:9:      layout_loops_cross, erik_lair_dragon, orc_0_dummy
Temple:   compressed_dpeg_triangle_lava_temple
Lair:1:   layout_loops_ring, minmay_lair_oklob_chamber, grunt_megastairs_2,
          lemuel_fruit_tree, lemuel_fruit_fields, uniq_fannar

Skill      XL: |  1  2  3  4  5  6  7  8  9 10 11 |
---------------+----------------------------------+-----
Fighting       | 4 5 6 7 8 |  8.5
Armour         | 4 5 6 8 10 11 | 11.7
Shields        | 4 5 6 9 10 | 10.9
Axes           | 3 4 6 7 8 10 11 | 11.4
Dodging        | 1 2 3 |  3.5
Stealth        | 1 2 3 4 |  4.2
Invocations    | 1 |  1.3

Action                   |  1- 3 |  4- 6 |  7- 9 | 10-12 || total
-------------------------+-------+-------+-------+-------++-------
Melee: War axe           |    75 |     4 |       |       ||    79
       Headbutt          |    14 |    33 |    26 |    25 ||    98
       Hand axe          |       |   149 |   103 |   107 ||   359
Invok: Ancestor Identity |       |     2 |       |       ||     2
       Ancestor Life: Ba |       |       |     1 |       ||     1
       Idealise          |       |       |       |     1 ||     1
  Use: Potion            |     1 |       |       |     4 ||     5
 Stab: Distracted        |       |       |     2 |     2 ||     4
Armor: Scale mail        |    46 |    45 |    23 |       ||   114
       Chain mail        |       |       |     6 |    15 ||    21
Dodge: Dodged            |    25 |    32 |    19 |    14 ||    90
Block: Kite shield       |    63 |    58 |    21 |       ||   142
       Tower shield      |       |       |    62 |    85 ||   147
